[Event "Titled Tuesday Blitz May 03 Late 2022"]
[White "Bibasa, Bob"]
[Black "Redzisz, Michal"]
[WhiteFideId "10000240"]
[BlackFideId "21816107"]
[WhiteElo "2056"]
[BlackElo "2014"]
[Result "1-0"]
[Round "03"]
[TimeControl "180+1"]
[Date "2022.05.03"]
[WhiteClock "0:01:31"]
[BlackClock "0:00:18"]

1. e4 c5 2. Nf3 d6 3. d4 cxd4 4. Nxd4 Nf6 5. f3 g6 6. c4 Bg7 7. Be3 O-O 8. Be2 Nc6 9. O-O Bd7 10. Nc3 Nxd4 11. Bxd4 Bc6 12. b4 a5 13. b5 Bd7 14. Rc1 Rc8 15. Na4 Be6 16. Qd2 Nd7 17. Be3 Nc5 18. Nxc5 dxc5 19. Rfd1 Qxd2 20. Rxd2 b6 21. f4 Rfd8 22. Rcd1 Rxd2 23. Rxd2 Kf8 24. e5 Ke8 25. Kf2 Rd8 26. Rxd8+ Kxd8 27. g4 f6 28. exf6 Bxf6 29. Kg3 Kd7 30. Bd3 Bd4 31. Bd2 Kd6 32. h4 Bf7 33. Kf3 e5 34. f5 gxf5 35. gxf5 Bh5+ 36. Kg3 e4 37. Bf4+ Be5 38. Bxe4 Be2 39. Bd5 a4 40. f6 a3 41. f7 1-0


[Site "https://www.chess.com"]

[Event "Titled Tuesday Blitz May 03 Late 2022"]
[White "Mandura, Tijana"]
[Black "Melikhov, Evgeny V."]
[WhiteFideId "16500270"]
[BlackFideId "4122046"]
[WhiteElo "2169"]
[BlackElo "1931"]
[Result "1-0"]
[Round "03"]
[TimeControl "180+1"]
[Date "2022.05.03"]
[WhiteClock "0:02:01"]
[BlackClock "0:00:15"]

1. d4 Nf6 2. Bg5 e6 3. Nd2 h6 4. Bh4 c5 5. c3 cxd4 6. cxd4 Be7 7. e3 O-O 8. Bd3 b6 9. Ngf3 Ba6 10. Bxa6 Nxa6 11. O-O d6 12. Rc1 Nh5 13. Bxe7 Qxe7 14. Qa4 Qb7 15. Rc6 Nb4 16. Rxd6 a5 17. Rd7 b5 18. Rxb7 bxa4 19. a3 Nd3 20. Ne5 Nxe5 21. dxe5 g6 22. g4 Ng7 23. Rc1 Rfb8 24. Rcc7 Rxb7 25. Rxb7 Ne8 26. Nc4 Rc8 27. Nd6 Nxd6 28. exd6 Rc1+ 29. Kg2 Rd1 30. d7 Kg7 31. Ra7 Kf6 32. Rxa5 Rxd7 33. Rxa4 Rd2 34. b4 Rb2 35. Ra5 Rb3 36. b5 Ke5 37. a4 Kd5 38. Ra7 f5 39. gxf5 gxf5 40. Rh7 Rb4 41. Ra7 Kc5 42. Kf3 Kb6 43. Ra6+ Kb7 44. Rxe6 Rxa4 45. Rxh6 Rb4 46. Rh5 Rxb5 47. Kf4 Kc7 48. Rxf5 Rb2 49. Kg3 Kd6 50. h4 Ke6 51. Rf4 Rb5 52. Kg4 Rb1 53. h5 Rg1+ 54. Kh4 Ke5 55. Rg4 Rh1+ 56. Kg5 Ke6 57. Kg6 Ke7 58. h6 Kf8 59. Rf4+ Kg8 60. h7+ Rxh7 61. Rf8+ Kxf8 62. Kxh7 1-0


[Site "https://www.chess.com"]

[Event "Titled Tuesday Blitz May 03 Late 2022"]
[White "Bortnyk, Olexandr"]
[Black "Jacobson, Aaron"]
[WhiteFideId "14120828"]
[BlackFideId "2089912"]
[WhiteElo "2723"]
[BlackElo "2265"]
[Result "1-0"]
[Round "03"]
[TimeControl "180+1"]
[Date "2022.05.03"]
[WhiteClock "0:00:25"]
[BlackClock "0:00:14"]

1. e4 d5 2. exd5 Nf6 3. Nc3 Nxd5 4. Bc4 Nb6 5. Bb3 Nc6 6. Nf3 Bf5 7. d4 e6 8. O-O Be7 9. Qe2 O-O 10. Rd1 Na5 11. h3 Re8 12. Bf4 Nxb3 13. axb3 Qc8 14. Ne5 a6 15. Bg3 c5 16. Ne4 cxd4 17. Rxd4 Nd5 18. Rad1 Nf6 19. Rc4 Nxe4 20. Rxc8 Raxc8 21. c4 Nxg3 22. fxg3 f6 23. g4 Bc5+ 24. Kh1 fxe5 25. gxf5 exf5 26. Rd5 Bd4 27. Rd7 b6 28. Qh5 Kh8 29. Qxf5 Bxb2 30. g4 e4 31. Re7 e3 32. Rxe3 Rf8 33. Qe6 Bd4 34. Re2 a5 35. Kg2 Bc5 36. h4 Rf6 37. Qxc8+ 1-0


[Site "https://www.chess.com"]

[Event "Titled Tuesday Blitz May 03 Late 2022"]
[White "Burke, Paul"]
[Black "Zivkovic, Nemanja"]
[WhiteFideId "2605767"]
[BlackFideId "942154"]
[WhiteElo "1849"]
[BlackElo "2364"]
[Result "0-1"]
[Round "03"]
[TimeControl "180+1"]
[Date "2022.05.03"]
[WhiteClock "0:00:06"]
[BlackClock "0:01:44"]

1. e4 c5 2. d4 cxd4 3. c3 dxc3 4. Nxc3 Nc6 5. Nf3 d6 6. Bc4 a6 7. O-O Nf6 8. h3 e6 9. Qe2 b5 10. Bb3 Bd7 11. Rd1 Qb8 12. Bg5 Be7 13. Rac1 Ra7 14. Bxf6 Bxf6 15. a3 O-O 16. Bc2 Rd8 17. Bb1 g6 18. Qd2 Be8 19. Qh6 Bg7 20. Qh4 Ne5 21. Nxe5 Bxe5 22. f4 Bg7 23. e5 Rad7 24. exd6 Rxd6 25. Rxd6 Rxd6 26. Ne4 Qd8 27. Qxd8 Rxd8 28. Nc5 Bxb2 29. Nb7 Bxc1 30. Nxd8 Be3+ 31. Kf1 Bxf4 32. Nb7 Bc6 33. Nc5 a5 34. Nd3 Bd6 0-1


[Site "https://www.chess.com"]

[Event "Titled Tuesday Blitz May 03 Late 2022"]
[White "Coelho, Ramyres Santana"]
[Black "Bernal Moro, Luis Javier"]
[WhiteFideId "2120690"]
[BlackFideId "2200236"]
[WhiteElo "1888"]
[BlackElo "2373"]
[Result "0-1"]
[Round "03"]
[TimeControl "180+1"]
[Date "2022.05.03"]
[WhiteClock "0:00:07"]
[BlackClock "0:01:29"]

1. e4 c5 2. Nf3 e6 3. d4 cxd4 4. c3 Nf6 5. e5 Nd5 6. cxd4 d6 7. Nc3 Nxc3 8. bxc3 Qc7 9. Bd2 Nd7 10. exd6 Bxd6 11. Bd3 b6 12. Qe2 Bb7 13. Be4 Bxe4 14. Qxe4 O-O 15. Ng5 Nf6 16. Qh4 Qc4 17. Ne4 Nxe4 18. Qxe4 e5 19. Qe2 Qc7 20. d5 e4 21. g3 Rac8 22. O-O Rfe8 23. Rfd1 Qc4 24. Qxc4 Rxc4 25. Rac1 f5 26. Bf4 Bxf4 27. gxf4 Kf7 28. Rd4 Rec8 29. Rxc4 Rxc4 30. f3 Ke7 31. fxe4 Rxe4 32. c4 Rxf4 33. Re1+ Kd7 34. Rf1 Rxf1+ 35. Kxf1 Kd6 36. a4 a6 37. Ke2 b5 38. cxb5 axb5 39. axb5 Kxd5 40. Ke3 g5 41. h4 h6 42. hxg5 hxg5 43. Kd3 Kc5 44. Ke3 Kxb5 45. Kd4 Kc6 46. Ke5 f4 47. Ke4 Kc5 48. Kf3 Kd4 49. Kg4 Ke3 50. Kxg5 f3 51. Kh4 f2 52. Kh3 Ke2 53. Kh2 f1=Q 54. Kg3 Qf5 55. Kh2 Qg4 56. Kh1 Kf2 57. Kh2 Qh4# 0-1


[Site "https://www.chess.com"]

[Event "Titled Tuesday Blitz May 03 Late 2022"]
[White "D`Arruda, Ricardo D."]
[Black "Stojanovski, Sandi"]
[WhiteFideId "100692"]
[BlackFideId "1403249"]
[WhiteElo "2417"]
[BlackElo "2274"]
[Result "1-0"]
[Round "03"]
[TimeControl "180+1"]
[Date "2022.05.03"]
[WhiteClock "0:01:24"]
[BlackClock "0:00:07"]

1. d4 Nf6 2. Nf3 e6 3. Nbd2 c5 4. g3 b6 5. Bg2 Bb7 6. O-O Be7 7. c3 O-O 8. Re1 Nc6 9. e4 cxd4 10. cxd4 Nb4 11. Bf1 Rc8 12. e5 Nfd5 13. Nc4 b5 14. a3 bxc4 15. axb4 Bxb4 16. Bd2 a5 17. Ng5 c3 18. bxc3 Bxc3 19. Bxc3 Nxc3 20. Qh5 h6 21. Nf3 g6 22. Qg4 h5 23. Qf4 Nd5 24. Qh6 Qe7 25. Ng5 f6 26. Qxg6+ Qg7 27. Qxg7+ Kxg7 28. exf6+ Rxf6 29. Rxa5 Rf5 30. Ne4 Nc3 31. Rxf5 exf5 32. Nd6 Rc7 33. Ne8+ 1-0


[Site "https://www.chess.com"]

[Event "Titled Tuesday Blitz May 03 Late 2022"]
[White "Demchenko, Anton"]
[Black "Hasman, Cengiz"]
[WhiteFideId "4160258"]
[BlackFideId "413364"]
[WhiteElo "2539"]
[BlackElo "2020"]
[Result "1-0"]
[Round "03"]
[TimeControl "180+1"]
[Date "2022.05.03"]
[WhiteClock "0:00:12"]
[BlackClock "0:00:21"]

1. e4 d6 2. d4 Nf6 3. Nc3 Nbd7 4. f4 e5 5. Nf3 exd4 6. Qxd4 c6 7. Bd2 d5 8. exd5 Bc5 9. Qd3 Qe7+ 10. Be2 O-O 11. O-O-O cxd5 12. Rhe1 Nb6 13. Ne5 d4 14. Ne4 Nxe4 15. Qxe4 f6 16. Bd3 g6 17. Nf3 Qxe4 18. Bxe4 Bg4 19. Bxb7 Rab8 20. Be4 f5 21. Bd3 Bxf3 22. gxf3 Rfe8 23. Bb5 Rxe1 24. Rxe1 Kf8 25. a4 Nd5 26. Re6 Ne3 27. Rc6 Bb6 28. Bb4+ Kg7 29. Rd6 Rc8 30. Rd7+ Kh6 31. Bd3 Rc7 32. Rxc7 Bxc7 33. Bc5 Bb6 34. Bxb6 axb6 35. b4 Nd5 36. a5 bxa5 37. bxa5 Kg7 38. Kb2 Kf6 39. Kb3 Ke7 40. Kc4 Kd6 41. Kxd4 Nxf4 42. Bc4 Kc6 43. Ke5 Nh3 44. Bg8 Ng1 45. Kf4 h6 46. Bh7 g5+ 47. Ke3 f4+ 48. Kf2 Nh3+ 49. Kg2 g4 50. fxg4 Ng5 51. Bd3 Kc5 52. a6 Kb6 53. h4 Ne6 54. Kf3 Nc5 55. Kxf4 Nxd3+ 56. cxd3 Kxa6 57. Kf5 Kb5 58. Kg6 Kc5 59. Kxh6 Kd4 60. g5 Kxd3 61. g6 1-0


[Site "https://www.chess.com"]

[Event "Titled Tuesday Blitz May 03 Late 2022"]
[White "Derraugh, Geordie"]
[Black "Sailer, Mike"]
[WhiteFideId "2603950"]
[BlackFideId "2012901"]
[WhiteElo "2116"]
[BlackElo "2109"]
[Result "1-0"]
[Round "03"]
[TimeControl "180+1"]
[Date "2022.05.03"]
[WhiteClock "0:02:18"]
[BlackClock "0:01:15"]

1. e4 d5 2. exd5 Qxd5 3. Nf3 Bg4 4. Be2 Nc6 5. d4 O-O-O 6. Be3 Nf6 7. c4 Qf5 8. Nbd2 e5 9. d5 Nb4 10. O-O Nc2 11. h3 Nxe3 12. fxe3 Bxf3 13. Bxf3 Qd3 14. Qe2 Qxe2 15. Bxe2 Bc5 16. Rf3 e4 17. Rg3 Nh5 18. Bxh5 1-0


[Site "https://www.chess.com"]

[Event "Titled Tuesday Blitz May 03 Late 2022"]
[White "Djokic, Mihailo"]
[Black "Jian, Alex"]
[WhiteFideId "976440"]
[BlackFideId "30901022"]
[WhiteElo "2202"]
[BlackElo "2111"]
[Result "1-0"]
[Round "03"]
[TimeControl "180+1"]
[Date "2022.05.03"]
[WhiteClock "0:00:53"]
[BlackClock "0:00:05"]

1. e4 c5 2. Nf3 Nc6 3. d4 cxd4 4. Nxd4 Nf6 5. Nc3 e5 6. Ndb5 d6 7. Bg5 a6 8. Bxf6 gxf6 9. Na3 b5 10. Nd5 f5 11. c3 Bg7 12. exf5 Bxf5 13. Nc2 Be6 14. Nce3 Ne7 15. Nxe7 Qxe7 16. a4 O-O 17. axb5 axb5 18. Rxa8 Rxa8 19. Bxb5 Ra2 20. O-O Rxb2 21. Bc4 h6 22. Bd5 Rb5 23. c4 Rc5 24. Qd3 Qf6 25. Bxe6 Qxe6 26. Qe4 f5 27. Nxf5 Rxc4 28. Qa8+ Kh7 29. Ne3 Rf4 30. g3 Rf7 31. Qe4+ Qg6 32. Qd5 Bf8 33. Rc1 Qf6 34. Rc2 Be7 35. Qe4+ Qg6 36. Qc4 Bg5 37. Ng2 Qf5 38. h4 Be7 39. Re2 Qb1+ 40. Re1 Qf5 41. Qe2 Bf6 42. Ne3 Qe6 43. Qd3+ Kh8 44. Qg6 Rh7 45. Ng4 Rg7 46. Qxh6+ Rh7 47. Qxf6+ Qxf6 48. Nxf6 Rf7 49. Ne4 Rd7 50. Rd1 d5 51. Nf6 Rf7 52. Nxd5 Rd7 53. Ne3 Rc7 54. Rd5 Kh7 55. Rxe5 Rb7 56. Kg2 1-0


[Site "https://www.chess.com"]

[Event "Titled Tuesday Blitz May 03 Late 2022"]
[White "Dobre, Claudiu-Cristian"]
[Black "Koelle, Tobias"]
[WhiteFideId "1211854"]
[BlackFideId "16207378"]
[WhiteElo "2207"]
[BlackElo "2541"]
[Result "1-0"]
[Round "03"]
[TimeControl "180+1"]
[Date "2022.05.03"]
[WhiteClock "0:00:22"]
[BlackClock "0:00:27"]

1. c4 Nc6 2. d4 e5 3. dxe5 Nxe5 4. e3 Nf6 5. Nf3 Bb4+ 6. Bd2 Bxd2+ 7. Nbxd2 d6 8. Qc2 O-O 9. Nxe5 dxe5 10. Bd3 c6 11. O-O Qe7 12. h3 Rd8 13. Rad1 g6 14. c5 Be6 15. a3 Kg7 16. b4 h5 17. Nc4 Bxc4 18. Bxc4 a6 19. Rxd8 Rxd8 20. Rd1 h4 21. Rd3 Rxd3 22. Qxd3 Qd7 23. Qxd7 Nxd7 24. e4 Nf8 25. g3 hxg3 26. fxg3 f5 27. exf5 gxf5 28. Kf2 Kf6 29. Ke3 Ng6 30. h4 f4+ 31. gxf4 exf4+ 32. Ke4 Nxh4 33. Kxf4 Ng6+ 34. Ke4 Ne5 35. Bf1 Ng4 36. Kf4 Ne5 37. Bh3 Nd3+ 38. Ke3 Nb2 39. Kd4 a5 40. Bc8 axb4 41. axb4 Ke7 42. Bxb7 Kd7 43. Ba6 Nd1 44. Be2 Nf2 45. Bf3 Nh3 46. Ke5 Ng5 47. Bg2 Kc7 48. Kf5 Nf7 49. Kf6 Nd8 50. Ke7 Nb7 51. Bf1 Kb8 52. Kd7 Ka7 53. Kc7 Ka8 54. Ba6 Ka7 55. Be2 Ka8 56. Bf1 Ka7 57. Bg2 Ka8 58. Bxc6 Ka7 59. Bg2 Na5 60. bxa5 Ka6 61. c6 Kxa5 62. Kd7 Kb4 63. c7 Kc5 64. c8=Q+ Kd4 65. Qc6 Ke3 66. Qe4+ Kf2 67. Qf3+ Kg1 68. Bh3 Kh2 69. Qg2# 1-0


[Site "https://www.chess.com"]

[Event "Titled Tuesday Blitz May 03 Late 2022"]
[White "Donchenko, Anatoly"]
[Black "Kujawski, Adam"]
[WhiteFideId "4106091"]
[BlackFideId "1100920"]
[WhiteElo "2339"]
[BlackElo "2053"]
[Result "1-0"]
[Round "03"]
[TimeControl "180+1"]
[Date "2022.05.03"]
[WhiteClock "0:01:53"]
[BlackClock "0:00:06"]

1. Nf3 d5 2. d4 Bf5 3. c4 e6 4. Nc3 Nf6 5. Bg5 c6 6. e3 Be7 7. Rc1 O-O 8. Bd3 Bxd3 9. Qxd3 Nbd7 10. O-O h6 11. Bh4 Re8 12. Rfd1 Nh7 13. Bg3 Ng5 14. Nd2 f5 15. f3 Rf8 16. e4 Nb6 17. exf5 exf5 18. c5 Nd7 19. Re1 f4 20. Bf2 Bf6 21. Nf1 Qc7 22. Re2 Rae8 23. Rce1 Rxe2 24. Qxe2 Kh8 25. b4 b6 26. Qc2 bxc5 27. bxc5 Qa5 28. Ne2 Ne6 29. Rb1 Rb8 30. Rxb8+ Nxb8 31. Qf5 Nd8 32. Qc8 Na6 33. Nxf4 Qxa2 34. Nh5 Be7 35. Qd7 Bg5 36. Qxg7# 1-0


[Site "https://www.chess.com"]

[Event "Titled Tuesday Blitz May 03 Late 2022"]
[White "Wagner, Dinara"]
[Black "Maksimovic, Bojan"]
[WhiteFideId "24157570"]
[BlackFideId "14408120"]
[WhiteElo "2216"]
[BlackElo "2448"]
[Result "0-1"]
[Round "03"]
[TimeControl "180+1"]
[Date "2022.05.03"]
[WhiteClock "0:00:15"]
[BlackClock "0:01:18"]

1. d4 Nf6 2. c4 c5 3. d5 b5 4. cxb5 a6 5. e3 e6 6. bxa6 Nxd5 7. Nf3 Be7 8. Nc3 Nxc3 9. bxc3 O-O 10. Be2 Bxa6 11. O-O Nc6 12. c4 Rb8 13. Bd2 Bb7 14. Bc3 Ba8 15. Qd2 d6 16. a4 Qc7 17. a5 Nb4 18. Rfd1 Na6 19. Qc2 Rfd8 20. e4 Nb4 21. Qb1 Nd5 22. Qc2 Nxc3 23. Qxc3 Bf6 24. e5 dxe5 25. Rxd8+ Rxd8 26. Rd1 e4 27. Rxd8+ Qxd8 28. Ne5 Qc7 29. f4 exf3 30. Bxf3 Bxe5 31. Qb3 Bxf3 32. Qxf3 Qxa5 0-1


[Site "https://www.chess.com"]

[Event "Titled Tuesday Blitz May 03 Late 2022"]
[White "Dubov, Daniil"]
[Black "Matinian, Nikita"]
[WhiteFideId "24126055"]
[BlackFideId "24129100"]
[WhiteElo "2791"]
[BlackElo "2422"]
[Result "0-1"]
[Round "03"]
[TimeControl "180+1"]
[Date "2022.05.03"]
[WhiteClock "0:00:03"]
[BlackClock "0:00:11"]

1. e4 e5 2. Nf3 Nc6 3. Nc3 Nf6 4. d4 exd4 5. Nxd4 Bb4 6. Nxc6 bxc6 7. Bd3 d5 8. exd5 cxd5 9. O-O O-O 10. Bg5 c6 11. Qf3 h6 12. Bxf6 Qxf6 13. Qxf6 gxf6 14. Ne2 Rb8 15. Nd4 Rb6 16. Nf5 Bxf5 17. Bxf5 Re8 18. Rad1 Re5 19. Bc8 Re2 20. Bf5 Re5 21. Bd3 c5 22. f4 Re7 23. c4 d4 24. Rf3 Re3 25. Rxe3 dxe3 26. Kf1 Bd2 27. b3 Ra6 28. Bb1 Rd6 29. Ke2 a5 30. a4 Kf8 31. Rf1 Ke7 32. Rf3 Bc1 33. Bd3 Rb6 34. Rf1 Bd2 35. Bc2 Rd6 36. Be4 Rb6 37. Rb1 Rd6 38. Bd5 f5 39. Rf1 Rb6 40. Rb1 h5 41. h4 Kf6 42. Kd3 Kg6 43. Kc2 Rb8 44. Rh1 Re8 45. Kd3 Rb8 46. Rb1 Re8 47. Ke2 Rb8 48. Bf3 Rd8 49. Rh1 Rb8 50. Rb1 Rd8 51. Bc6 Rb8 52. Bb5 Rd8 53. Rf1 Rd4 54. Rf3 Bc1 55. Rf1 Bd2 56. g3 Rd6 57. Rd1 Rd4 58. Rf1 Rd6 59. Rb1 Rd4 60. Bc6 Rd6 61. Bd5 Rb6 62. Kd3 Rb8 63. Ke2 Rb6 64. Kd3 Rb8 65. Kc2 Re8 66. Rg1 Bb4 67. Bc6 Re7 68. Bf3 e2 69. Bxe2 Rxe2+ 70. Kb1 Re1+ 0-1


[Site "https://www.chess.com"]

[Event "Titled Tuesday Blitz May 03 Late 2022"]
[White "Fedoseev, Vladimir"]
[Black "Cabarkapa, Novak"]
[WhiteFideId "24130737"]
[BlackFideId "943746"]
[WhiteElo "2726"]
[BlackElo "2443"]
[Result "1-0"]
[Round "03"]
[TimeControl "180+1"]
[Date "2022.05.03"]
[WhiteClock "0:01:03"]
[BlackClock "0:00:14"]

1. e4 d5 2. exd5 Qxd5 3. Nf3 Bg4 4. Be2 Nc6 5. O-O O-O-O 6. Nc3 Qd7 7. Ng5 Bxe2 8. Nxe2 e5 9. d3 h6 10. Nf3 e4 11. Ne1 f5 12. Bd2 Nf6 13. Bc3 Bd6 14. Bxf6 gxf6 15. Qc1 Rdg8 16. Qe3 Ne5 17. h3 exd3 18. cxd3 Re8 19. Qxa7 Qe7 20. Ng3 f4 21. Nf5 Qe6 22. Ng7 Qd5 23. Nxe8 Rxe8 24. Qa8+ Kd7 25. Qa4+ b5 26. Qxf4 Rg8 27. Qe4 Qe6 28. d4 f5 29. Qe2 Nc4 30. Qxe6+ Kxe6 31. Nd3 Kd5 32. Rfd1 f4 33. b3 Nb6 34. Ne1 Nd7 35. Rac1 Nf6 36. Kf1 Ne4 37. Nf3 b4 38. Rc4 Ra8 39. Ra1 Nc3 40. a4 Rxa4 41. bxa4 Kxc4 42. a5 b3 43. Nd2+ Kb4 44. Nxb3 Kxb3 45. a6 Nb5 46. Rb1+ Kc4 47. Rxb5 1-0


[Site "https://www.chess.com"]

[Event "Titled Tuesday Blitz May 03 Late 2022"]
[White "Ferreira, Vitor Hugo Vieira"]
[Black "Erdogdu, Mert"]
[WhiteFideId "2119765"]
[BlackFideId "6301495"]
[WhiteElo "2512"]
[BlackElo "2719"]
[Result "0-1"]
[Round "03"]
[TimeControl "180+1"]
[Date "2022.05.03"]
[WhiteClock "0:00:02"]
[BlackClock "0:00:11"]

1. d4 d5 2. c4 e6 3. Nc3 c5 4. e3 Nf6 5. Nf3 a6 6. a3 dxc4 7. Bxc4 b5 8. Ba2 Bb7 9. O-O Be7 10. Qe2 Nbd7 11. Rd1 Qb8 12. e4 cxd4 13. Nxd4 Ne5 14. f4 Nc4 15. Bxc4 bxc4 16. Qxc4 O-O 17. f5 Rc8 18. Qe2 Bc5 19. fxe6 fxe6 20. Kh1 Qe5 21. Nf3 Qh5 22. Bg5 Ng4 23. Bh4 Rc7 24. h3 Ne3 25. Rd8+ Rxd8 26. Bxd8 Rd7 27. Bg5 Ng4 28. Rd1 Nf2+ 29. Kh2 Nxd1 30. Nxd1 h6 31. Be3 Bxe4 32. Bxc5 Qxc5 33. Qxe4 Qc7+ 34. g3 Rxd1 35. Qxe6+ Qf7 36. Qe2 Rd8 37. Ne5 Qe6 38. Qc4 Qxc4 39. Nxc4 Rd4 40. b3 Rd3 41. Na5 Kf7 42. h4 Ke6 43. a4 Kd5 44. b4 Rd4 45. b5 Rxa4 46. Nb7 axb5 47. Nd8 Ra7 48. Nf7 Rxf7 0-1


[Site "https://www.chess.com"]

[Event "Titled Tuesday Blitz May 03 Late 2022"]
[White "Fishbein, Alexander"]
[Black "Vasquez Schroeder, Rodrigo"]
[WhiteFideId "2000377"]
[BlackFideId "3400042"]
[WhiteElo "2442"]
[BlackElo "2561"]
[Result "1-0"]
[Round "03"]
[TimeControl "180+1"]
[Date "2022.05.03"]
[WhiteClock "0:00:37"]
[BlackClock "0:00:12"]

1. e4 c5 2. Nf3 d6 3. d4 cxd4 4. Nxd4 Nf6 5. Nc3 a6 6. a4 Nc6 7. a5 e6 8. Nb3 Be7 9. Be2 O-O 10. O-O b6 11. axb6 Qxb6 12. Be3 Qc7 13. Nb5 Qb8 14. N5d4 Bb7 15. Nxc6 Bxc6 16. f3 Bb5 17. c4 Bc6 18. Nd4 Bb7 19. b4 Rc8 20. Qb3 Bf8 21. Kh1 Qc7 22. Rfc1 Rab8 23. Qa4 Nd7 24. Qa5 Ne5 25. Qxc7 Rxc7 26. b5 Ra8 27. f4 Nd7 28. Bf3 Nc5 29. e5 Bxf3 30. Nxf3 Nb3 31. b6 Rb7 32. exd6 Bxd6 33. c5 Bxc5 34. Bxc5 Nxc1 35. Rxc1 Rc8 36. Rd1 f6 37. Bg1 a5 38. Ra1 Ra8 39. Ra4 Kf7 40. Nd2 Ke7 41. Nc4 Kd7 42. Rxa5 Rc8 43. Ra7 Rb8 44. Rxb7+ Rxb7 45. Na5 Rb8 46. b7 Kc7 47. Ba7 Rd8 48. b8=Q+ Rxb8 49. Bxb8+ Kxb8 50. Kg1 Kc7 51. Kf2 Kd6 52. Ke3 Kd5 53. Nb3 h6 54. Nd2 e5 55. f5 1-0


[Site "https://www.chess.com"]

[Event "Titled Tuesday Blitz May 03 Late 2022"]
[White "Gabrielian, Artur"]
[Black "Zlatin, Alexander"]
[WhiteFideId "4131002"]
[BlackFideId "2810549"]
[WhiteElo "2440"]
[BlackElo "2228"]
[Result "1-0"]
[Round "03"]
[TimeControl "180+1"]
[Date "2022.05.03"]
[WhiteClock "0:00:47"]
[BlackClock "0:00:02"]

1. e4 e5 2. Nf3 Nc6 3. Bc4 Bc5 4. d3 Nf6 5. O-O d6 6. c3 a5 7. d4 Ba7 8. dxe5 dxe5 9. Qxd8+ Nxd8 10. Nxe5 Nxe4 11. Nd2 Nxd2 12. Bxd2 O-O 13. Rfe1 Be6 14. Bf1 f6 15. Nc4 Bc5 16. Bf4 Rf7 17. Rad1 b5 18. Nxa5 Bxa2 19. b4 Bb6 20. Bxb5 Ne6 21. Bc6 Rb8 22. Be3 Nd8 23. Bf3 Re7 24. Bxb6 Rxe1+ 25. Rxe1 cxb6 26. Nc6 Nxc6 27. Bxc6 Kf7 28. b5 Rd8 29. g3 Rd3 30. Ra1 Bd5 31. Bxd5+ Rxd5 32. Ra7+ Kg6 33. c4 Rd4 34. Rc7 Rd1+ 35. Kg2 Rc1 36. Rc6 Rc3 37. Kf1 h5 38. Ke2 Kg5 39. f3 h4 40. Kd2 Rxf3 41. gxh4+ Kxh4 42. Rxb6 Rf2+ 43. Kd3 Rxh2 44. Re6 Rh1 45. b6 Rd1+ 46. Kc2 Rd8 47. c5 Rc8 48. c6 1-0


[Site "https://www.chess.com"]

[Event "Titled Tuesday Blitz May 03 Late 2022"]
[White "Gurevich, Dmitry"]
[Black "Ansh M Shah"]
[WhiteFideId "2000407"]
[BlackFideId "25033379"]
[WhiteElo "2506"]
[BlackElo "1819"]
[Result "1-0"]
[Round "03"]
[TimeControl "180+1"]
[Date "2022.05.03"]
[WhiteClock "0:02:41"]
[BlackClock "0:02:22"]

1. d4 Nf6 2. c4 e6 3. g3 c5 4. d5 exd5 5. cxd5 d6 6. Bg2 g6 7. Nf3 Bg7 8. O-O O-O 9. Nc3 b6 10. Bf4 Na6 11. Re1 Nc7 12. e4 b5 13. e5 dxe5 14. Nxe5 Rb8 15. Nc6 1-0


[Site "https://www.chess.com"]

[Event "Titled Tuesday Blitz May 03 Late 2022"]
[White "Guz, Ari"]
[Black "Gomez Dieguez, David"]
[WhiteFideId "2825759"]
[BlackFideId "22223630"]
[WhiteElo "1913"]
[BlackElo "2115"]
[Result "1-0"]
[Round "03"]
[TimeControl "180+1"]
[Date "2022.05.03"]
[WhiteClock "0:00:32"]
[BlackClock "0:00:20"]

1. b3 d5 2. Bb2 Nf6 3. Nf3 Bf5 4. d3 e6 5. Nbd2 h6 6. g3 Be7 7. Bg2 O-O 8. O-O Bh7 9. c4 c6 10. Ne5 Nbd7 11. Ndf3 Nxe5 12. Nxe5 Nd7 13. Nf3 Bf6 14. Qc2 Bxb2 15. Qxb2 Qf6 16. Qa3 a5 17. Rac1 Rfe8 18. Qd6 Qe7 19. Qc7 Rab8 20. Qxa5 Ra8 21. Qd2 Qa3 22. Rc2 dxc4 23. bxc4 Ra4 24. Rb1 Ra7 25. Qb4 Qa6 26. Qd6 Nf6 27. Ne5 Qa4 28. Rcb2 Qa6 29. Bf3 h5 30. Qc7 Rf8 31. Rxb7 Rxb7 32. Rxb7 Qxa2 33. Nxf7 Qa1+ 34. Kg2 Ng4 35. Bxg4 hxg4 36. Ne5 Rxf2+ 37. Kxf2 Qd4+ 38. Ke1 Qa1+ 39. Kd2 Qa2+ 40. Ke3 1-0


[Site "https://www.chess.com"]

[Event "Titled Tuesday Blitz May 03 Late 2022"]
[White "Hakobyan, Aram"]
[Black "Mikhailov, Viacheslav"]
[WhiteFideId "13306677"]
[BlackFideId "4187369"]
[WhiteElo "2557"]
[BlackElo "2381"]
[Result "1-0"]
[Round "03"]
[TimeControl "180+1"]
[Date "2022.05.03"]
[WhiteClock "0:00:13"]
[BlackClock "0:00:02"]

1. e4 d6 2. d4 Nf6 3. Nc3 g6 4. Nf3 Bg7 5. Be3 O-O 6. Qd2 Bg4 7. Ng5 c6 8. h3 Bd7 9. Nf3 b5 10. e5 b4 11. Ne2 Ne4 12. Qd3 Bf5 13. g4 Nxf2 14. Qd2 Ne4 15. Qxb4 Be6 16. Nf4 a5 17. Qa3 Nd7 18. Bg2 Bc4 19. O-O-O Qb6 20. Rhe1 Rfb8 21. Nd2 Nxd2 22. Rxd2 dxe5 23. dxe5 Qb7 24. Bd4 Bh6 25. Qg3 Bxa2 26. e6 fxe6 27. g5 Bg7 28. Bxg7 Kxg7 29. Qc3+ e5 30. Nd3 Kg8 31. Bxc6 Qc7 32. Bd5+ Bxd5 33. Qxc7 Nb6 34. Qxe5 Bf7 35. Rf2 Rf8 36. Qe2 Nc4 37. Ne5 Nxe5 38. Qxe5 a4 39. Ref1 a3 40. bxa3 Rxa3 41. Rxf7 Ra1+ 42. Qxa1 1-0


[Site "https://www.chess.com"]

[Event "Titled Tuesday Blitz May 03 Late 2022"]
[White "Hambleton, Aman"]
[Black "Golubev, Mikhail"]
[WhiteFideId "2606577"]
[BlackFideId "14100983"]
[WhiteElo "2552"]
[BlackElo "2374"]
[Result "1-0"]
[Round "03"]
[TimeControl "180+1"]
[Date "2022.05.03"]
[WhiteClock "0:00:02"]
[BlackClock "0:00:03"]

1. d4 Nf6 2. Bf4 g6 3. Nc3 d5 4. e3 Bg7 5. h4 c5 6. Nb5 Na6 7. c3 h5 8. a4 c4 9. b3 cxb3 10. Qxb3 O-O 11. Nf3 Ne4 12. Be2 Be6 13. Ng5 Nxg5 14. hxg5 Qd7 15. O-O Rfc8 16. Rfc1 Nb8 17. c4 dxc4 18. Bxc4 Rxc4 19. Rxc4 Nc6 20. Nc7 Bxc4 21. Qxc4 Rc8 22. Nd5 e6 23. Nf6+ Bxf6 24. gxf6 e5 25. dxe5 Nxe5 26. Qb5 Nc6 27. a5 a6 28. Qb2 Rd8 29. Kh2 Kh7 30. Rb1 Nxa5 31. Qe5 Qg4 32. Qxa5 Qh4+ 33. Kg1 Qxf6 34. Qg5 Qxg5 35. Bxg5 Rd5 36. Bf4 Rd7 37. Rb6 a5 38. Be5 a4 39. Rb4 Rd5 40. Bd4 Ra5 41. Rxb7 1-0


[Site "https://www.chess.com"]

[Event "Titled Tuesday Blitz May 03 Late 2022"]
[White "Hernandez Bermudez, Ulises Eduardo"]
[Black "Karttunen, Mika"]
[WhiteFideId "3902510"]
[BlackFideId "502081"]
[WhiteElo "2056"]
[BlackElo "2343"]
[Result "0-1"]
[Round "03"]
[TimeControl "180+1"]
[Date "2022.05.03"]
[WhiteClock "0:00:01"]
[BlackClock "0:00:14"]

1. e4 e5 2. Nf3 Nc6 3. Bc4 Nf6 4. d4 exd4 5. O-O Bc5 6. e5 d5 7. exf6 dxc4 8. fxg7 Rg8 9. Bg5 Qd6 10. Re1+ Be6 11. Bf6 Qf4 12. Bg5 Qf5 13. Nbd2 Rxg7 14. Ne4 Be7 15. Bxe7 Kxe7 16. Nxd4 Qd5 17. Nxc6+ bxc6 18. Qf3 Rag8 19. g3 Rg6 0-1


[Site "https://www.chess.com"]

[Event "Titled Tuesday Blitz May 03 Late 2022"]
[White "Hirneise, Jens"]
[Black "Taichman, Ori"]
[WhiteFideId "24614734"]
[BlackFideId "2804069"]
[WhiteElo "2359"]
[BlackElo "2227"]
[Result "0-1"]
[Round "03"]
[TimeControl "180+1"]
[Date "2022.05.03"]
[WhiteClock "0:00:07"]
[BlackClock "0:00:32"]

1. d4 Nf6 2. c4 g6 3. g3 Bg7 4. Bg2 O-O 5. Nf3 d6 6. Nc3 Nc6 7. O-O Rb8 8. b3 e5 9. dxe5 dxe5 10. Ba3 Re8 11. Qxd8 Rxd8 12. Rad1 Bg4 13. h3 Bxf3 14. Bxf3 Nd4 15. Bg2 Bf8 16. Bxf8 Kxf8 17. e3 Ne6 18. Rxd8+ Nxd8 19. Nb5 c6 20. Nc3 Ne6 21. Rd1 Rd8 22. Rxd8+ Nxd8 23. Kf1 Ke7 24. Ke2 Ne6 25. h4 Kd6 26. b4 b6 27. Ne4+ Nxe4 28. Bxe4 f5 29. Bc2 c5 30. b5 e4 31. Kd2 Ke5 32. Bd1 Nd8 33. Be2 Nf7 34. a4 h6 35. Kc3 g5 36. hxg5 hxg5 37. a5 bxa5 38. Kb3 Kd6 39. Ka4 Ne5 40. Kxa5 Kc7 41. Ka4 Kb6 42. Kb3 Ka5 43. Ka3 g4 44. Kb3 Nf7 45. Kc3 Ng5 46. Kd2 Nh3 47. Ke1 Kb4 48. Bf1 Ng5 49. Be2 Nf7 0-1


[Site "https://www.chess.com"]